[Event "ICC tourney 2556 (25 5)"]
[Site "Internet Chess Club"]
[Date "2021.05.08"]
[Round "2"]
[White "DEVARAJ, SHREYA:K05-16369648"]
[Black "ARORA, RANBEER:K05-15760434"]
[Result "0-1"]
[ICCResult "White checkmated"]
[WhiteElo "1024"]
[BlackElo "1521"]
[Opening "Queen's pawn game"]
[ECO "D02"]
[NIC "QP.08"]
[Time "13:33:42"]
[PlyCount "256"]
[TimeControl "1500+5"]

1. d4 d5 2. Nf3 Bf5 3. Bf4 e6 4. e3 c6 5. c3 Nd7 6. Bd3 Bg6 7. Qe2 Qb6 8.
Ne5 Nxe5 9. Bxe5 Bxd3 10. Qxd3 Qxb2 11. O-O Qxa1 12. Qc2 Nh6 13. Nd2 Qxf1+
14. Nxf1 f6 15. Bg3 Be7 16. Nd2 g5 17. h3 O-O 18. e4 Kg7 19. exd5 cxd5 20.
Qb2 b6 21. Nf3 Nf5 22. Bh2 Bd6 23. Bxd6 Nxd6 24. Qb4 Ne4 25. Qe7+ Rf7 26.
Qxe6 Nxc3 27. Qc6 Nxa2 28. Qxa8 Nb4 29. Qe8 a5 30. Qb5 Rb7 31. Ne1 Kf7 32.
Nd3 Ke7 33. Nxb4 axb4 34. Qxb4+ Ke6 35. Qb5 Kd6 36. Qa6 Kc6 37. Qa4+ b5 38.
Qb4 Rb6 39. Qc5+ Kb7 40. Qxd5+ Ka6 41. Qa2+ Kb7 42. Qf7+ Ka6 43. Qxh7 b4
44. Qd3+ Ka5 45. Qb3 Rd6 46. d5 Kb5 47. Kh2 Kc5 48. f3 Rxd5 49. Kg3 Rd4 50.
Kh2 f5 51. g4 f4 52. Kg2 Rd2+ 53. Kf1 Rh2 54. Kg1 Re2 55. Qd1 Re3 56. Qc2+
Rc3 57. Qe4 b3 58. Qe5+ Kb4 59. Qe4+ Ka3 60. Qa8+ Kb2 61. Qh8 Kc2 62. Qh7+
Kb2 63. Qg7 Kc2 64. Qg6+ Rd3 65. Qc6+ Rc3 66. Qg6+ Rd3 67. Qc6+ Rc3 68.
Qg6+ Kd2 69. Qd6+ Rd3 70. Qb4+ Kc2 71. Qc4+ Rc3 72. Qe4+ Kd2 73. Qd4+ Rd3
74. Qf2+ Kc3 75. Qc5+ Kd2 76. Qf2+ Kc3 77. Qc5+ Kb2 78. Qf2+ Kc1 79. Qc5+
Kb2 80. Qf2+ Kc1 81. Qc5+ Kd1 82. Qc4 Kd2 83. Qb4+ Ke2 84. Qe4+ Re3 85.
Qc4+ Rd3 86. Qe4+ Kd2 87. Qb4+ Kc2 88. Qc4+ Rc3 89. Qe4+ Rd3 90. Qe2+ Rd2
91. Qc4+ Kb2 92. Qb4 Rd1+ 93. Kf2 Kc2 94. Qc4+ Kb1 95. Qxb3+ Kc1 96. Qc3+
Kb1 97. Ke2 Rc1 98. Qxc1+ Kxc1 99. Kd3 Kd1 100. Ke4 Ke2 101. Kf5 Kxf3 102.
Kxg5 Kg3 103. h4 f3 104. h5 f2 105. h6 f1=Q 106. h7 Qh3 107. Kg6 Qxg4+ 108.
Kh6 Qf4+ 109. Kg7 Qg5+ 110. Kh8 Qe7 111. Kg8 Qe6+ 112. Kg7 Qe5+ 113. Kg8
Qe8+ 114. Kg7 Qe7+ 115. Kg6 Qf8 116. h8=Q Qxh8 117. Kf7 Qh6 118. Ke7 Qg6
119. Kd7 Qf6 120. Kc7 Qe6 121. Kb7 Qd6 122. Ka7 Qc6 123. Kb8 Qd7 124. Ka8
Kf4 125. Kb8 Ke5 126. Ka8 Kd6 127. Kb8 Kc6 128. Ka8 Qb7# { White checkmated
} 0-1

[Event "ICC tourney 2556 (25 5)"]
[Site "Internet Chess Club"]
[Date "2021.05.08"]
[Round "2"]
[White "XIA, RUOXIAO:K05-16025390"]
[Black "WESTOVER, CHARLOTTE:K05-16380250"]
[Result "1-0"]
[ICCResult "Black checkmated"]
[WhiteElo "1921"]
[BlackElo "1143"]
[Opening "King's Indian: Makagonov system (5.h3)"]
[ECO "E71"]
[NIC "KI.31"]
[Time "13:34:02"]
[PlyCount "53"]
[TimeControl "1500+5"]

1. d4 Nf6 2. c4 g6 3. Nc3 Bg7 4. e4 d6 5. h3 Nc6 6. Bg5 Bd7 7. Nf3 e5 8. d5
Nd4 9. Nxd4 exd4 10. Qxd4 O-O 11. Qd2 Qe8 12. f3 Nh5 13. O-O-O Ng3 14. Rg1
Nxf1 15. Rdxf1 b5 16. Rh1 bxc4 17. h4 h5 18. g4 hxg4 19. h5 Kh7 20. hxg6+
Kg8 21. Qh2 fxg6 22. Qh7+ Kf7 23. fxg4+ Bf5 24. Rxf5+ gxf5 25. Qxf5+ Kg8
26. Qh7+ Kf7 27. Rf1# { Black checkmated } 1-0

[Event "ICC tourney 2556 (25 5)"]
[Site "Internet Chess Club"]
[Date "2021.05.08"]
[Round "2"]
[White "PENG, JUSTIN:K05-17057952"]
[Black "KISHOR MANE, ARNAV:K05-16881843"]
[Result "0-1"]
[ICCResult "White checkmated"]
[WhiteElo "878"]
[BlackElo "1316"]
[Opening "Sicilian: closed"]
[ECO "B24"]
[NIC "SI.44"]
[Time "13:32:36"]
[PlyCount "102"]
[TimeControl "1500+5"]

1. e4 c5 2. Nc3 Nc6 3. g3 e6 4. Bg2 Nf6 5. Nge2 d5 6. exd5 exd5 7. d4 Be6
8. Be3 c4 9. O-O Be7 10. Nf4 O-O 11. Qf3 Bg4 12. Ne6 fxe6 13. Qf4 h6 14.
Nb5 a6 15. Qc7 Qxc7 16. Nxc7 Rac8 17. f3 Rxc7 18. fxg4 Nxg4 19. Bf4 Rcc8
20. c3 Nf6 21. Rae1 Nd8 22. b3 cxb3 23. axb3 Rxc3 24. Rb1 Rc6 25. Rfc1 Re8
26. Rxc6 Nxc6 27. Rc1 Ba3 28. Re1 Nxd4 29. Be5 Bc5 30. Bxf6 Nc2+ 31. Kf1
Nxe1 32. Bc3 Nd3 33. Ke2 Nc1+ 34. Kd2 Nxb3+ 35. Kc2 Nd4+ 36. Kd3 Nc6 37.
Bf3 Nb4+ 38. Kd2 a5 39. Bh5 Ra8 40. Kc1 Na2+ 41. Kb2 Nxc3 42. Kxc3 a4 43.
Kb2 a3+ 44. Ka2 b5 45. Bg4 Kf7 46. Bh5+ Kf6 47. Be2 b4 48. Bd1 d4 49. Bb3
d3 50. Kb1 a2+ 51. Ka1 Bd4# { White checkmated } 0-1

[Event "ICC tourney 2556 (25 5)"]
[Site "Internet Chess Club"]
[Date "2021.05.08"]
[Round "2"]
[White "RAMAN, ARJUN:K05-16786670"]
[Black "KESIREDDY, SAIKARUNYA:K05-16974321"]
[Result "1-0"]
[ICCResult "Black checkmated"]
[WhiteElo "1310"]
[BlackElo "880"]
[Opening "Sicilian: Marshall variation"]
[ECO "B41"]
[NIC "SI.43"]
[Time "13:32:47"]
[PlyCount "121"]
[TimeControl "1500+5"]

1. e4 c5 2. Nf3 e6 3. d4 d5 4. exd5 exd5 5. c3 Nf6 6. Bg5 Bd6 7. dxc5 Bxc5
8. Bxf6 gxf6 9. Bd3 Be6 10. Nbd2 Qb6 11. O-O Nd7 12. b4 Be7 13. Nd4 O-O-O
14. Re1 Kb8 15. a4 Ne5 16. a5 Qc7 17. Nb5 Qc6 18. Nf3 Nxf3+ 19. Qxf3 a6 20.
Nd4 Qxc3 21. Nxe6 fxe6 22. Rac1 Qxb4 23. Rxe6 Rc8 24. Rce1 Rhe8 25. Qxd5
Rcd8 26. Qf3 Rd7 27. Bxa6 Qxa5 28. Rb1 Qd5 29. Qxd5 Rxd5 30. Rxb7+ Ka8 31.
Rbxe7 Rd1+ 32. Bf1 Rxe7 33. Rxe7 h5 34. Rh7 Rd5 35. g3 Kb8 36. Be2 Kc8 37.
Bxh5 Kd8 38. Bf3 Rf5 39. Kg2 Ke8 40. h4 Kf8 41. h5 Kg8 42. Rb7 Kh8 43. h6
Rg5 44. h7 Rg7 45. Rxg7 Kxg7 46. Be4 Kh8 47. Kh3 Kg7 48. Kg4 Kh8 49. f4 Kg7
50. Kf5 Kh8 51. Bd5 Kg7 52. g4 Kh8 53. Bc6 Kg7 54. Bb5 Kh8 55. Kxf6 Kxh7
56. g5 Kg8 57. g6 Kh8 58. g7+ Kg8 59. Bc4+ Kh7 60. g8=Q+ Kh6 61. Qg6# {
Black checkmated } 1-0

[Event "ICC tourney 2556 (25 5)"]
[Site "Internet Chess Club"]
[Date "2021.05.08"]
[Round "2"]
[White "MA, SEAN:K05-16395728"]
[Black "GUDAVALLI, SAATVIK:K05-16242267"]
[Result "1/2-1/2"]
[ICCResult "Game drawn because neither player has mating material"]
[WhiteElo "1446"]
[BlackElo "962"]
[Opening "Sicilian: dragon, classical, 8.O-O"]
[ECO "B73"]
[NIC "SI.25"]
[Time "13:34:02"]
[PlyCount "120"]
[TimeControl "1500+5"]

1. e4 c5 2. Nf3 Nc6 3. d4 cxd4 4. Nxd4 d6 5. Nc3 Nf6 6. Be2 g6 7. O-O Bg7
8. Be3 O-O 9. f3 a6 10. Qd2 e5 11. Nb3 Qc7 12. Bh6 Be6 13. Bxg7 Kxg7 14.
Nd5 Bxd5 15. exd5 Qb6+ 16. Kh1 Nd4 17. Nxd4 exd4 18. b3 Nxd5 19. c4 Ne3 20.
Rfe1 Rad8 21. Bd3 d5 22. cxd5 Rxd5 23. Be4 Rd6 24. Bxb7 Nxg2 25. Kxg2 Qxb7
26. Re4 Rfd8 27. Rd1 Qd7 28. Rde1 Re6 29. Rxe6 fxe6 30. Qe2 d3 31. Qf1 d2
32. Rd1 Qd3 33. Qxd3 Rxd3 34. Kf2 Kf6 35. Ke2 Rd5 36. Rxd2 Ke5 37. Rxd5+
Kxd5 38. Kd3 e5 39. a4 h5 40. b4 g5 41. b5 axb5 42. axb5 Kc5 43. b6 Kxb6
44. Ke4 g4 45. fxg4 hxg4 46. Kxe5 Kc7 47. Ke6 Kc6 48. Kf6 Kd6 49. Kf5 Ke7
50. Kxg4 Kf7 51. h4 Kg6 52. h5+ Kf7 53. Kg5 Kf8 54. Kg6 Kg8 55. Kf6 Kh8 56.
Kg6 Kg8 57. h6 Kh8 58. Kf6 Kh7 59. Kg5 Kg8 60. h7+ Kxh7 { Game drawn
because neither player has mating material } 1/2-1/2

[Event "ICC tourney 2556 (25 5)"]
[Site "Internet Chess Club"]
[Date "2021.05.08"]
[Round "2"]
[White "PANDE, RAYANSH:K05-16097942"]
[Black "VEMPARALA, NIKASH:K05-16438800"]
[Result "0-1"]
[ICCResult "White checkmated"]
[WhiteElo "1097"]
[BlackElo "1764"]
[Opening "QGD semi-Slav: Chigorin defense"]
[ECO "D45"]
[NIC "SL.08"]
[Time "13:33:40"]
[PlyCount "104"]
[TimeControl "1500+5"]

1. d4 d5 2. c4 c6 3. Nf3 Nf6 4. Nc3 e6 5. e3 Bd6 6. Bd3 Nbd7 7. O-O O-O 8.
c5 Bc7 9. e4 e5 10. exd5 cxd5 11. Bg5 e4 12. Nh4 exd3 13. Qxd3 h6 14. Bd2
Re8 15. Nb5 Nf8 16. Nxc7 Qxc7 17. Rae1 Bd7 18. g3 a6 19. Bf4 Qa5 20. Rxe8
Rxe8 21. Qf3 Bh3 22. Be5 Bxf1 23. Kxf1 Ne4 24. Qg4 f6 25. Nf5 Ng5 26. Bd6
Qe1+ 27. Kg2 Qe4+ 28. Qxe4 Nxe4 29. Ne7+ Kf7 30. Nxd5 Nxd6 31. cxd6 Rd8 32.
Ne7 Rxd6 33. Nf5 Rd5 34. Ne3 Rxd4 35. b3 Rd2 36. a4 Rd3 37. b4 Rd4 38. Nc2
Rc4 39. Ne3 Rxb4 40. Nd5 Rxa4 41. Nb6 Rb4 42. Nc8 Ke6 43. Na7 a5 44. h3 a4
45. g4 a3 46. f3 a2 47. Kg3 a1=Q 48. Kh4 Qe1+ 49. Kh5 g6+ 50. Kxh6 Qh4+ 51.
Kg7 Qh7+ 52. Kxf8 Qf7# { White checkmated } 0-1

[Event "ICC tourney 2556 (25 5)"]
[Site "Internet Chess Club"]
[Date "2021.05.08"]
[Round "2"]
[White "ARUTLA, ADITYA:K05-16207801"]
[Black "LIM, HAYUL:K05-30151794"]
[Result "1-0"]
[ICCResult "Black checkmated"]
[WhiteElo "1676"]
[BlackElo "1095"]
[Opening "Ruy Lopez: Berlin defense"]
[ECO "C65"]
[NIC "RL.07"]
[Time "13:32:50"]
[PlyCount "73"]
[TimeControl "1500+5"]

1. e4 e5 2. Nf3 Nc6 3. Bb5 Nf6 4. d3 Qe7 5. Nc3 a6 6. Ba4 g6 7. Bg5 Bg7 8.
h4 h5 9. O-O O-O 10. Ne2 b5 11. Bb3 Bb7 12. c3 Rad8 13. Bd5 Rb8 14. d4 exd4
15. Bxc6 Bxc6 16. e5 Bxf3 17. exf6 Bxf6 18. Bxf6 Qxf6 19. gxf3 Qxf3 20.
Nxd4 Qf4 21. Qf3 Qxh4 22. Kg2 b4 23. Rh1 Qg5+ 24. Kh3 bxc3 25. Rag1 Qe5 26.
Nf5 Kh7 27. Rg5 cxb2 28. Rxh5+ Kg8 29. Nh6+ Kg7 30. Rxe5 b1=Q 31. Rxb1 Rxb1
32. Ng4 Rh8+ 33. Kg2 Rhh1 34. Qf6+ Kf8 35. Nh2 Rhg1+ 36. Kh3 Rbd1 37. Qh8#
{ Black checkmated } 1-0

[Event "ICC tourney 2556 (25 5)"]
[Site "Internet Chess Club"]
[Date "2021.05.08"]
[Round "2"]
[White "ANG, TIMOTHY:K05-16772800"]
[Black "CHIRAG SHETTY, TANISH:K05-15984457"]
[Result "0-1"]
[ICCResult "White resigns"]
[WhiteElo "896"]
[BlackElo "1355"]
[Opening "Sicilian: Alapin's variation (2.c3)"]
[ECO "B22"]
[NIC "SI.47"]
[Time "13:35:02"]
[PlyCount "92"]
[TimeControl "1500+5"]

1. e4 c5 2. c3 Nf6 3. e5 Nd5 4. d4 cxd4 5. cxd4 Nc6 6. Bc4 Nb6 7. Bb3 d5 8.
exd6 Qxd6 9. Be3 Bf5 10. Nc3 e6 11. Nf3 Be7 12. h3 h6 13. a3 O-O-O 14. Qd2
Bf6 15. O-O-O Na5 16. Bc2 Nbc4 17. Qe2 Qb6 18. Bxf5 exf5 19. Qc2 Nb3+ 20.
Kb1 Nxd4 21. Nxd4 Nxa3+ 22. Kc1 Nxc2 23. Nxc2 Rxd1+ 24. Rxd1 Qc6 25. Rd5 b6
26. Rd3 Qxg2 27. Nb5 Qf1+ 28. Kd2 Rd8 29. Rxd8+ Kxd8 30. Nxa7 Kc7 31. Na3
Bxb2 32. N7b5+ Kd7 33. Bxb6 Bxa3 34. Nxa3 Qa6 35. Bc5 Qf1 36. h4 Qh3 37.
Nc4 Qxh4 38. Ne5+ Ke6 39. Nd3 g5 40. Bd4 Qxd4 41. Ke2 Qc4 42. Kd2 h5 43.
Ne1 Qa2+ 44. Ke3 f4+ 45. Kf3 g4+ 46. Kg2 Qe2 { White resigns } 0-1

[Event "ICC tourney 2556 (25 5)"]
[Site "Internet Chess Club"]
[Date "2021.05.08"]
[Round "2"]
[White "MOORHOUSE, WILL:K05-30059498"]
[Black "VU, CAROLINE:K05-16155397"]
[Result "1-0"]
[ICCResult "Black checkmated"]
[WhiteElo "1352"]
[BlackElo "896"]
[Opening "Giuoco Pianissimo"]
[ECO "C50"]
[NIC "IG.02"]
[Time "13:33:21"]
[PlyCount "109"]
[TimeControl "1500+5"]

1. e4 e5 2. Nf3 Nc6 3. Bc4 Bc5 4. d3 h6 5. O-O Nf6 6. h3 d6 7. c3 Be6 8.
Bb3 Qd7 9. Bc2 O-O-O 10. d4 exd4 11. cxd4 Nxd4 12. Nxd4 g5 13. Nxe6 Qxe6
14. Qf3 Kb8 15. Qf5 Qe7 16. Bd2 Bd4 17. Bc3 Be5 18. Nd2 Rhg8 19. Bxe5 dxe5
20. Nf3 g4 21. Qxe5 Qxe5 22. Nxe5 gxh3 23. g3 Rd2 24. Rac1 h5 25. Rfd1 Re2
26. Kf1 Rxe4 27. Bxe4 Nxe4 28. Nxf7 a6 29. Rd8+ Rxd8 30. Nxd8 h2 31. Kg2
Kc8 32. Ne6 h1=Q+ 33. Kxh1 Nxf2+ 34. Kg2 Nd3 35. Rxc7+ Kb8 36. Rh7 Ka7 37.
Nd8 Kb6 38. Rxb7+ Kc5 39. Rh7 Nxb2 40. Rxh5+ Kb4 41. Nc6+ Kc3 42. Ra5 Nc4
43. Rxa6 Ne3+ 44. Kf3 Nc4 45. Na5 Ne5+ 46. Ke4 Nd3 47. Rc6+ Kd2 48. Rd6 Ke2
49. Rxd3 Kf2 50. g4 Kg2 51. g5 Kh2 52. g6 Kh1 53. g7 Kh2 54. g8=R Kh1 55.
Rh3# { Black checkmated } 1-0

[Event "ICC tourney 2556 (25 5)"]
[Site "Internet Chess Club"]
[Date "2021.05.08"]
[Round "2"]
[White "WANG, HANBIN:K05-16715670"]
[Black "WANG, YOURAN:K05-16488667"]
[Result "1-0"]
[ICCResult "Black checkmated"]
[WhiteElo "1049"]
[BlackElo "1553"]
[Opening "Sicilian"]
[ECO "B56"]
[NIC "SI.25"]
[Time "13:33:22"]
[PlyCount "129"]
[TimeControl "1500+5"]

1. e4 c5 2. Nf3 d6 3. d4 cxd4 4. Nxd4 Nf6 5. Nc3 Nc6 6. Be3 e6 7. Be2 Be7
8. Qd2 O-O 9. O-O-O a6 10. Nb3 Bd7 11. f4 Qc7 12. g4 b5 13. g5 Ne8 14. a3
Na5 15. Nxa5 Qxa5 16. h4 Nc7 17. Nb1 Qxd2+ 18. Rxd2 d5 19. exd5 Nxd5 20.
Rd3 Bc6 21. Bf3 Rac8 22. Bxd5 Bxd5 23. Rh2 Rfd8 24. Nc3 Bc4 25. Rxd8+ Rxd8
26. Bb6 Rb8 27. Bc7 Rb7 28. Be5 f6 29. gxf6 gxf6 30. Rg2+ Kf7 31. Bd4 Rd7
32. Be3 b4 33. axb4 Bxb4 34. Bd2 a5 35. b3 Ba6 36. Na4 Bxd2+ 37. Rxd2 Rxd2
38. Kxd2 e5 39. fxe5 fxe5 40. Ke3 Bb5 41. c4 Bxa4 42. bxa4 Ke6 43. Ke4 Kd6
44. h5 Kc5 45. Kxe5 Kxc4 46. Kf6 Kb4 47. Kg7 Kxa4 48. Kxh7 Kb3 49. Kg6 a4
50. h6 a3 51. h7 Ka2 52. h8=Q Kb1 53. Qh1+ Kb2 54. Qg2+ Kb1 55. Qe4+ Kb2
56. Qb4+ Ka2 57. Kf5 Ka1 58. Qxa3+ Kb1 59. Qd3+ Kb2 60. Qc4 Ka1 61. Qb4 Ka2
62. Ke4 Ka1 63. Kd3 Ka2 64. Kc2 Ka1 65. Qb1# { Black checkmated } 1-0

[Event "ICC tourney 2556 (25 5)"]
[Site "Internet Chess Club"]
[Date "2021.05.08"]
[Round "2"]
[White "GUI, SUYUAN:K05-16962930"]
[Black "NATHA, NIRAV:K05-15969775"]
[Result "0-1"]
[ICCResult "White checkmated"]
[WhiteElo "989"]
[BlackElo "1463"]
[Opening "Pirc: classical system, 5.Be2"]
[ECO "B08"]
[NIC "PU.03"]
[Time "13:33:20"]
[PlyCount "64"]
[TimeControl "1500+5"]

1. e4 d6 2. d4 Nf6 3. Nc3 g6 4. Nf3 Bg7 5. Be2 O-O 6. O-O Nbd7 7. h3 e5 8.
d5 Nc5 9. Bd3 a5 10. a4 Nh5 11. Be3 Nxd3 12. Qxd3 f5 13. exf5 Bxf5 14. Qd2
Bxh3 15. Ng5 Bd7 16. Rad1 Nf4 17. Bxf4 exf4 18. Ne6 Bxe6 19. dxe6 f3 20.
Qd5 Kh8 21. Rfe1 Qe7 22. Ne4 Rf5 23. Qxb7 Raf8 24. Nxd6 Qg5 25. g3 cxd6 26.
e7 Re8 27. Qc6 Rxe7 28. Qxd6 Rxe1+ 29. Rxe1 Rf8 30. Re4 Qc1+ 31. Kh2 Qf1
32. Rf4 Qg2# { White checkmated } 0-1

[Event "ICC tourney 2556 (25 5)"]
[Site "Internet Chess Club"]
[Date "2021.05.08"]
[Round "2"]
[White "YANG, ALEXANDER:K05-16917728"]
[Black "MUKHILAN A SAMPATH, KAVIN:K05-30070336"]
[Result "1-0"]
[ICCResult "Black checkmated"]
[WhiteElo "1834"]
[BlackElo "1105"]
[Opening "QGD: 4.Bg5"]
[ECO "D38"]
[NIC "QO.16"]
[Time "13:34:12"]
[PlyCount "87"]
[TimeControl "1500+5"]

1. d4 d5 2. c4 e6 3. Nc3 Nf6 4. Bg5 Bb4 5. Nf3 h6 6. Bh4 g5 7. Bg3 Ne4 8.
Qc2 Bxc3+ 9. bxc3 Nc6 10. e3 Qe7 11. Bd3 f5 12. Bxe4 dxe4 13. Ne5 Nxe5 14.
Bxe5 Rg8 15. O-O g4 16. Qb3 h5 17. Qb5+ Qd7 18. Qxd7+ Bxd7 19. Rab1 b6 20.
Rfd1 Ba4 21. Rd2 O-O-O 22. Rb4 Bc6 23. Rb3 Bb7 24. Ra3 a5 25. Rb2 Ba6 26.
c5 Kb7 27. cxb6 cxb6 28. Rab3 b5 29. a4 b4 30. cxb4 Rc8 31. bxa5+ Ka7 32.
h3 gxh3 33. g3 Rc1+ 34. Kh2 Bf1 35. Rb7+ Ka8 36. Rb8+ Rxb8 37. Rxb8+ Ka7
38. Rh8 Bg2 39. g4 Rh1+ 40. Kg3 hxg4 41. Rh7+ Ka6 42. Bc7 Bf3 43. Bb6 Ra1
44. Ra7# { Black checkmated } 1-0

[Event "ICC tourney 2556 (25 5)"]
[Site "Internet Chess Club"]
[Date "2021.05.08"]
[Round "2"]
[White "WOLFE, JAXON:K05-16374716"]
[Black "B KASHYAP, MAHATI:K05-16792961"]
[Result "0-1"]
[ICCResult "White checkmated"]
[WhiteElo "1543"]
[BlackElo "1033"]
[Opening "Sicilian: closed"]
[ECO "B23"]
[NIC "SI.44"]
[Time "13:34:21"]
[PlyCount "84"]
[TimeControl "1500+5"]

1. e4 c5 2. Nc3 d6 3. Bc4 e6 4. d3 Nf6 5. Nge2 Be7 6. O-O O-O 7. f4 Nc6 8.
a3 a6 9. a4 Bd7 10. Be3 Ng4 11. Bd2 Nf6 12. Ng3 Nd4 13. e5 Ne8 14. Be3 d5
15. Ba2 Nc6 16. d4 cxd4 17. Bxd4 Nxd4 18. Qxd4 Rc8 19. Kh1 Bc5 20. Qd3 Nc7
21. Rf3 b5 22. Nh5 g6 23. Nf6+ Kg7 24. Rh3 Rh8 25. Qd2 h5 26. f5 exf5 27.
Ncxd5 Nxd5 28. Bxd5 Be6 29. Rd1 bxa4 30. Rd3 Qb6 31. Bxe6 Qxe6 32. Qf4 Be7
33. Nd5 Rhd8 34. Nxe7 Qxe7 35. Qxa4 Rxd3 36. Rxd3 Qxe5 37. Qa1 Rxc2 38. h3
Qe2 39. b3+ Kh7 40. Rg3 Qf2 41. Rg5 Qf4 42. Qf6 Rc1# { White checkmated }
0-1

[Event "ICC tourney 2556 (25 5)"]
[Site "Internet Chess Club"]
[Date "2021.05.08"]
[Round "2"]
[White "W ZHANG, ETHAN:K05-17088714"]
[Black "PATEL, DARSH:K05-16084348"]
[Result "0-1"]
[ICCResult "White resigns"]
[WhiteElo "839"]
[BlackElo "439"]
[Opening "Two knights defense"]
[ECO "C57"]
[NIC "KP.01"]
[Time "13:33:05"]
[PlyCount "94"]
[TimeControl "1500+5"]

1. e4 e5 2. Nf3 Nc6 3. Bc4 Nf6 4. Ng5 d5 5. exd5 Nxd5 6. O-O Qxg5 7. Bxd5
Nb4 8. Bc4 Be6 9. Bxe6 fxe6 10. c3 Nd5 11. d4 Qg6 12. dxe5 Be7 13. c4 Nb6
14. Qe2 O-O 15. Be3 Nd7 16. Nc3 Nxe5 17. Rad1 Ng4 18. h3 Nxe3 19. Qxe3 Bd6
20. Nb5 Bf4 21. Qe2 a6 22. Nxc7 Bxc7 23. Rd7 Bf4 24. Rxb7 Rad8 25. Rb6 Rd2
26. Qxe6+ Qxe6 27. Rxe6 Rfd8 28. g3 Bc7 29. Rxa6 Rxb2 30. Re1 h6 31. Ra7
Bb6 32. Rb7 Bxf2+ 33. Kf1 Bxe1 34. Rxb2 Bxg3 35. a4 Rf8+ 36. Kg2 Be5 37.
Rb5 Bd4 38. c5 Ra8 39. a5 Ra6 40. Kf3 Kf7 41. Ke4 Bg1 42. Kd5 g5 43. c6 Bh2
44. Rb7+ Ke8 45. c7 Kd7 46. Kc5 Rxa5+ 47. Kb6 Ra8 { White resigns } 0-1

[Event "ICC tourney 2556 (25 5)"]
[Site "Internet Chess Club"]
[Date "2021.05.08"]
[Round "2"]
[White "ZHANG, KYLIE:K05-16733661"]
[Black "SIGMUND PRIMUS, JONATHAN:K05-17193231"]
[Result "0-1"]
[ICCResult "White checkmated"]
[WhiteElo "1453"]
[BlackElo "971"]
[Opening "Giuoco Piano: Greco's attack"]
[ECO "C54"]
[NIC "IG.02"]
[Time "13:34:41"]
[PlyCount "80"]
[TimeControl "1500+5"]

1. e4 e5 2. Nf3 Nc6 3. Bc4 Bc5 4. c3 Nf6 5. d4 exd4 6. cxd4 Bb4+ 7. Nc3
Bxc3+ 8. bxc3 Nxe4 9. O-O d5 10. Bb3 Nxc3 11. Qd3 Ne4 12. Re1 O-O 13. Nd2
Nxd2 14. Bxd2 Be6 15. Bc2 g6 16. Bh6 Re8 17. Qd2 Qf6 18. Rad1 Bf5 19. Rxe8+
Rxe8 20. Qf4 Nxd4 21. Bd3 Re4 22. Qxc7 Qe7 23. Qc3 Qe5 24. Kf1 Qxh2 25. f3
Qh1+ 26. Kf2 Qxd1 27. fxe4 dxe4 28. Qb4 e3+ 29. Kg3 Qg4+ 30. Kh2 Nf3+ 31.
gxf3 Qxb4 32. Bxf5 gxf5 33. Bxe3 Qb2+ 34. Kg3 Qg7+ 35. Kf2 b6 36. f4 Qb2+
37. Kf3 Qxa2 38. Kg3 h5 39. Kh4 Qe2 40. Bd4 Qg4# { White checkmated } 0-1

[Event "ICC tourney 2556 (25 5)"]
[Site "Internet Chess Club"]
[Date "2021.05.08"]
[Round "2"]
[White "KAZAN, JUDE:K05-16350155"]
[Black "YOU, ANDREW:K05-17094697"]
[Result "1-0"]
[ICCResult "Black checkmated"]
[WhiteElo "1655"]
[BlackElo "1090"]
[Opening "Vienna game, Max Lange defense"]
[ECO "C25"]
[NIC "VG.04"]
[Time "13:33:22"]
[PlyCount "77"]
[TimeControl "1500+5"]

1. e4 e5 2. Nc3 Nc6 3. a3 Nf6 4. Bc4 Be7 5. Nf3 O-O 6. d3 d6 7. Be3 Bd7 8.
h4 Bg4 9. Qd2 Qd7 10. Nd5 Be6 11. Nxf6+ Bxf6 12. Bg5 Qe7 13. Bxe6 fxe6 14.
O-O-O d5 15. Rh3 Rad8 16. Qe3 Qd6 17. Rg3 a6 18. h5 Bxg5 19. Nxg5 Rf4 20.
h6 g6 21. Re1 Rdf8 22. f3 Nd4 23. exd5 Qc5 24. c3 Nb3+ 25. Kb1 Qxe3 26.
Rxe3 Nd2+ 27. Kc2 Nf1 28. Rxe5 Nxg3 29. Nxe6 Re8 30. Rg5 Rf5 31. Rxg3 Rh5
32. Ng7 Re2+ 33. Kd1 Rxb2 34. Nxh5 Rb3 35. Nf6+ Kh8 36. Rg4 Rxc3 37. Re4
Rxd3+ 38. Ke2 Rxa3 39. Re8# { Black checkmated } 1-0

[Event "ICC tourney 2556 (25 5)"]
[Site "Internet Chess Club"]
[Date "2021.05.08"]
[Round "2"]
[White "LUKOSE, JAMES:K05-16437200"]
[Black "RALLABANDI, SAHASRA:K05-16751997"]
[Result "1-0"]
[ICCResult "Black checkmated"]
[WhiteElo "885"]
[BlackElo "1336"]
[Opening "King's Indian: East Indian defense"]
[ECO "A48"]
[NIC "QP.06"]
[Time "13:33:59"]
[PlyCount "117"]
[TimeControl "1500+5"]

1. d4 Nf6 2. Nf3 g6 3. e3 Bg7 4. c4 d6 5. Be2 O-O 6. O-O Nbd7 7. Nc3 Re8 8.
b4 e5 9. dxe5 Nxe5 10. Bb2 Bg4 11. Nxe5 Bxe2 12. Qxe2 dxe5 13. Rfd1 Qe7 14.
a3 Rad8 15. e4 Nh5 16. Nd5 Qd6 17. Nc3 Nf4 18. Qe3 Qf6 19. g3 Nh3+ 20. Kg2
Ng5 21. Nd5 Qc6 22. Qxg5 Qxc4 23. Qe3 f5 24. Qd3 Qc6 25. Rab1 f4 26. Ne7+
Rxe7 27. Qxd8+ Kf7 28. Qd5+ Qxd5 29. Rxd5 fxg3 30. hxg3 h5 31. f3 g5 32.
Rbd1 Ke6 33. Kh3 h4 34. gxh4 gxh4 35. Kxh4 Bf6+ 36. Kg4 Rg7+ 37. Kh3 Rh7+
38. Kg2 Rg7+ 39. Kf2 Bh4+ 40. Kf1 Rg5 41. f4 Rg3 42. Rxe5+ Kf7 43. Rd7+ Kf8
44. Rf5+ Ke8 45. Rxc7 Rf3+ 46. Kg1 Bf2+ 47. Kg2 Rb3 48. Kxf2 Rxb2+ 49. Ke3
Rb3+ 50. Kd4 Rxa3 51. Rxb7 Ra4 52. Rff7 Ra1 53. Rbe7+ Kd8 54. Rd7+ Ke8 55.
Rxa7 Rd1+ 56. Ke5 Re1 57. Rfb7 Rxe4+ 58. Kxe4 Kd8 59. Ra8# { Black
checkmated } 1-0

[Event "ICC tourney 2556 (25 5)"]
[Site "Internet Chess Club"]
[Date "2021.05.08"]
[Round "2"]
[White "ZHU, ISABELLA:K05-16795777"]
[Black "ARAVINDAKSHAN, SAHANA:K05-16741147"]
[Result "0-1"]
[ICCResult "White checkmated"]
[WhiteElo "1058"]
[BlackElo "1587"]
[Opening "Scotch: Schmidt variation"]
[ECO "C45"]
[NIC "SO.04"]
[Time "13:32:58"]
[PlyCount "114"]
[TimeControl "1500+5"]

1. e4 e5 2. Nf3 Nc6 3. d4 exd4 4. Nxd4 Nf6 5. Nc3 Bc5 6. Be3 Nxd4 7. Bxd4
Bxd4 8. Qxd4 O-O 9. Bd3 d6 10. O-O-O Be6 11. f4 Qe7 12. e5 dxe5 13. fxe5
Nd7 14. Qe4 g6 15. g4 Nc5 16. Nd5 Qg5+ 17. Qf4 Qxf4+ 18. Nxf4 Bxg4 19. Be2
Bxe2 20. Nxe2 Rad8 21. Nf4 c6 22. Nd3 Nd7 23. h4 Rfe8 24. Rde1 Re6 25. h5
Rde8 26. hxg6 fxg6 27. Rh4 Nxe5 28. Nxe5 Rxe5 29. Reh1 Re1+ 30. Rxe1 Rxe1+
31. Kd2 Re7 32. Ra4 a6 33. Rg4 Kg7 34. a4 h5 35. Rg2 Kh6 36. b4 g5 37. c4
h4 38. Kc3 Kh5 39. Rd2 h3 40. b5 cxb5 41. cxb5 axb5 42. axb5 g4 43. Kb4 Kh4
44. Kc5 g3 45. Rd4+ Kg5 46. Rd5+ Kf4 47. Rd4+ Re4 48. Rd7 g2 49. Rxb7 g1=Q+
50. Kc6 Qc1+ 51. Kb6 Re6+ 52. Ka7 Qa3+ 53. Kb8 Re8+ 54. Kc7 Qc5+ 55. Kd7
Re7+ 56. Kd8 Qd6+ 57. Kc8 Re8# { White checkmated } 0-1

[Event "ICC tourney 2556 (25 5)"]
[Site "Internet Chess Club"]
[Date "2021.05.08"]
[Round "2"]
[White "CHAKKIRALA, NITIKA:K05-17289378"]
[Black "BHEEMANATHINI, HARSHA:K05-16974817"]
[Result "0-1"]
[ICCResult "White checkmated"]
[WhiteElo "219"]
[BlackElo "769"]
[Opening "Scotch: Pulling counter-attack"]
[ECO "C45"]
[NIC "SO.04"]
[Time "13:35:02"]
[PlyCount "80"]
[TimeControl "1500+5"]

1. e4 e5 2. Nf3 Nc6 3. d4 exd4 4. Nxd4 Qh4 5. Bc4 Qxe4+ 6. Be3 d5 7. Nc3
Qe7 8. Bxd5 Nf6 9. Bc4 Bd7 10. O-O O-O-O 11. Re1 Qd6 12. Nxc6 Qxc6 13. Bb5
Qe6 14. Bxa7 Qf5 15. Bd3 Qg5 16. Be3 Qa5 17. Bd2 Qa8 18. Ne2 Bd6 19. Bf4
Bxf4 20. Nxf4 Rhe8 21. Ne2 Re7 22. Ng3 Rde8 23. Rxe7 Rxe7 24. a3 Bg4 25.
Qd2 Qa4 26. Bf5+ Bxf5 27. Nxf5 Re5 28. Nxg7 Qg4 29. h3 Qxg7 30. Rd1 Re8 31.
b4 Ne4 32. Qe3 f5 33. c4 Rg8 34. Kf1 Qxg2+ 35. Ke2 Qg6 36. Qa7 Qh5+ 37. Ke3
Qxd1 38. Qa8+ Kd7 39. Qxg8 Qd2+ 40. Kf3 Qxf2# { White checkmated } 0-1